 Dungeon Crawl Stone Soup version 0.28.0-47-ge53b351184 (webtiles) character file.

Game seed: 3369490239281554189

247 101zpm the Magician (level 6, 0/41 HPs)
             Began as a Djinni Fire Elementalist on May 4, 2022.
             Killed from afar by an orc wizard (7 damage)
             ... with a magic dart
             ... on level 5 of the Dungeon.
             The game lasted 00:12:07 (5654 turns).

101zpm the Magician (Djinni Fire Elementalist)      Turns: 5654, Time: 00:12:07

Health: 0/41       AC:  2    Str:  7    XL:     6   Next: 33%
Gold:   138        EV: 13    Int: 18    God:
                   SH:  0    Dex: 14

rFire   + + .      SeeInvis .   c - staff of conjuration
rCold   x . .      Faith    .   (no shield)
rNeg    . . .      Spirit   .   a - +0 robe
rPois   ∞          Reflect  .   (no helmet)
rElec   .          Harm     .   (no cloak)
rCorr   .          Rampage  .   (no gloves)
Will    .....                   (boots unavailable)
Stlth   ++........              (no amulet)
HPRegen 0.13/turn               (no ring)
MPRegen 0.00/turn               (no ring)

@: flying, very slightly contaminated
A: sickness immunity, fire resistance 2, cold vulnerability 1, float, innate
caster, HP casting, extra vitality 1
a: no special abilities


You were on level 5 of the Dungeon.
You visited 1 branch of the dungeon, and saw 5 of its levels.

You collected 138 gold pieces.

Inventory:

Missiles
 b - a throwing net
Armour
 a - a +0 robe (worn)
Magical Staves
 c - a staff of conjuration (weapon)
Scrolls
 f - a scroll of fear {unknown}
 g - a scroll of noise {unknown}
 i - a scroll of blinking {unknown}
Potions
 d - a potion of resistance {unknown}
 e - a potion of magic {unknown}
 h - a potion of flight {unknown}


   Skills:
 + Level 0.7 Fighting
 + Level 2.9 Dodging
 + Level 2.1 Stealth
 + Level 0.2 Unarmed Combat
 + Level 4.6 Spellcasting


You couldn't memorise any spells.
You knew the following spells:

 Your Spells              Type           Power      Damage    Failure   Level
a - Foxfire               Conj/Fire      100%       2x1d9     1%          1
b - Scorch                Fire           42%        2d7       3%          2
c - Conjure Flame         Conj/Fire      31%        6-21      6%          3
d - Inner Flame           Hex/Fire       21%        N/A       6%          3
e - Flame Wave            Conj/Fire      31%        2d8       21%         4
f - Beastly Appendage     Tmut           42%        N/A       1%          1
g - Ensorcelled Hibernat  Hex/Ice        42%        N/A       3%          2
Your spell library was empty.

Dungeon Overview and Level Annotations

Branches:
Dungeon (5/15)
 Temple: D:4-7

Altars:

Shops:
D:2 !


Innate Abilities, Weirdness & Mutations

You are immune to sickness and miasma.
You are immune to poison.
Your flesh is very heat resistant. (rF++)
You are vulnerable to cold. (rC-)
You float through the air rather than walking.
You learn spells naturally, not from books.
Your magical power is your life essence.
You have superior vitality. (+4 MHP)


Message History

Flames lash the orc warrior.
The orc warrior explodes!
The foxfire hits the orc.
The orc is moderately wounded.
The foxfire hits the orc.
The orc is severely wounded.
An orc comes into view. It is wielding a +0 whip.
Your Stealth skill increases to level 2!
You have reached level 6!
Casting: Scorch (safe; 3% risk of failure)
Confirm with . or Enter, or press ? or * to list all spells.
Aiming: Inner Flame (dangerous; 6% risk of failure)
Press: ? - help, Dir - move target, f - orc
Aim: an orc, wielding a +0 trident and wearing a +0 leather armour (severely wounded, chance to affect: 88%)
You miscast Inner Flame.
You are very lightly contaminated with residual magic.
Nothing appears to happen.
Casting: Inner Flame (dangerous; 6% risk of failure)
Confirm with . or Enter, or press ? or * to list all spells.
Aiming: Inner Flame (dangerous; 6% risk of failure)
Press: ? - help, Dir - move target, f/p - orc
Aim: an orc, wielding a +0 trident and wearing a +0 leather armour (severely wounded, chance to affect: 88%)
The orc is filled with an inner flame.
* * * LOW HITPOINT WARNING * * *
An orc wizard comes into view. It is wielding a +0 dagger.
Casting: Inner Flame (dangerous; 6% risk of failure)
Confirm with . or Enter, or press ? or * to list all spells.
Flames lash the orc.
* * * LOW HITPOINT WARNING * * *
The orc explodes!
Casting: Scorch (safe; 3% risk of failure)
Confirm with . or Enter, or press ? or * to list all spells.
Aiming: Inner Flame (dangerous; 6% risk of failure)
Press: ? - help, Dir - move target, f - orc wizard
Aim: an orc wizard, wielding a +0 dagger and wearing a +0 robe (chance to affect: 76%)
The orc wizard barely resists.
* * * LOW HITPOINT WARNING * * *
The orc wizard points at you and mumbles some strange words.
The magic dart hits you!
You die...

#########
#.......#
#.......#
#...☼§..#
#..@.°☼.#
#...○☼§§#
#....§§§#
#....§§o...
#.##.#o..#.
#. .....#
#. .. #.#
#. ... ##


You could see an orc wizard and an orc.

Vanquished Creatures
  An orc warrior (D:5)
  An orc priest (D:3)
  3 adders
  A worm (D:3)
  2 dart slugs
  15 orcs
  2 ball pythons (D:3)
  4 endoplasms
  3 giant cockroaches
  8 goblins
  3 hobgoblins
  5 jackals (D:2)
  A quokka (D:3)
  9 bats
  3 frilled lizards (D:1)
  3 kobolds
  7 rats
71 creatures vanquished.

Vanquished Creatures (others)
  316 foxfires
316 creatures vanquished.

Grand Total: 387 creatures vanquished

Notes
Turn   | Place    | Note
-------+----------+-------------------------------------------
     0 | D:1      | 101zpm the Djinni Fire Elementalist began the quest for the
                  | Orb.
     0 | D:1      | Reached XP level 1. HP: 15/15 MP: 0/0
   701 | D:1      | Noticed a golden eye
   703 | D:1      | Noticed a floating eye
   705 | D:1      | Found a faded altar of an unknown god.
   940 | D:2      | Reached XP level 2. HP: 19/21 MP: 0/0
  1004 | D:2      | Reached skill level 3 in Spellcasting
  1111 | D:2      | Reached XP level 3. HP: 11/25 MP: 0/0
  1111 | D:2      | Learned a level 1 spell: Beastly Appendage
  1741 | D:3      | Reached XP level 4. HP: 10/31 MP: 0/0
  2534 | D:3      | Reached XP level 5. HP: 23/36 MP: 0/0
  2534 | D:3      | Learned a level 2 spell: Ensorcelled Hibernation
  3449 | D:2      | Found Cainna's Distillery.
  4241 | D:2      | Reached skill level 4 in Spellcasting
  4786 | D:1      | Noticed a great orb of eyes
  4786 | D:1      | Noticed a shining eye
  5637 | D:5      | Entered Level 5 of the Dungeon
  5646 | D:5      | Noticed an orc warrior
  5649 | D:5      | Killed an orc warrior
  5650 | D:5      | Reached XP level 6. HP: 17/41 MP: 0/0
  5654 | D:5      | Killed from afar by an orc wizard

Illustrated notes

Levels and vault maps discovered:
D:1:      roderic_octagonal_star, layout_basic,
          hellmonk_ecumenical_altar_watching_god
D:2:      minmay_chambers_of_twos, layout_rooms, serial_shops,
          nicolae_shop_trees, kennysheep_generic_room_11
D:3:      layout_loops_ring, st_stairs_3
D:4:      layout_basic, minmay_overflow_temple_star_quad, serial_shops, shop
D:5:      layout_loops_cross, minmay_temple_entry_arrows

Skill      XL: |  1  2  3  4  5 |
---------------+----------------+-----
Spellcasting   | 3 4 |  4.6
Stealth        | 2 |  2.1
Fighting       | |  0.7
Dodging        | |  2.9
Unarmed Combat | |  0.2

Action                   |  1- 3 |  4- 6 || total
-------------------------+-------+-------++-------
Melee: Unarmed           |     9 |       ||     9
 Cast: Foxfire           |    61 |   150 ||   211
       Scorch            |     5 |    23 ||    28
       Inner Flame       |     8 |    16 ||    24
       Beastly Appendage |     1 |       ||     1
Armor: Robe              |     3 |     6 ||     9
Dodge: Dodged            |     9 |    12 ||    21
